 Dungeon Crawl Stone Soup version 0.31-a0-810-ga77100ea1a (webtiles) character file.

Game seed: 6157996583684881445

144 dynsetu the Changeling (level 5, -3/48 HPs)
             Began as a Troll Shapeshifter on Sept 21, 2023.
             Splashed by a jelly's acid (9 damage)
             ... on level 4 of the Dungeon.
             The game lasted 00:02:49 (1933 turns).

dynsetu the Changeling (Troll Shapeshifter)         Turns: 1933, Time: 00:02:50

Health: -3/48      AC: -4    Str: 24    XL:     5   Next: 5%
Magic:  4/4        EV: 10    Int:  6    God:
Gold:   257        SH:  0    Dex:  9    Spells: 4/4 levels left

rFire   . .          .
                       - Unarmed
rCold   . . .        (no shield)
rNeg    . . .        a - +0 animal skin
rPois   .            (helmet currently unavailable)
rElec   .            (cloak currently unavailable)
rCorr   .            (gloves unavailable)
SInv    .            (boots unavailable)
Will    +....        (no amulet)
Stlth   +            j - ring of willpower
HPRegen 1.08/turn    (no ring)
MPRegen 0.09/turn

%: no passive effects
@: beast-form, corroded
A: beast (slay +2), large, unfitting armour, claws 3, regeneration 1, shaggy fur
1, tough skin 1
a: Begin Untransformation


You were on level 4 of the Dungeon.
You were a hulking beast.
You visited 1 branch of the dungeon, and saw 4 of its levels.

You collected 257 gold pieces.

Inventory:

Missiles
 q - 2 boomerangs
Armour
 a - a +0 animal skin (worn)
 o - a scarf of shadows
 u - a scarf of resistance
Jewellery
 j - a ring of willpower (left claw)
Talismans
 c - a beast talisman (active)
 d - a flux talisman
Wands
 p - a wand of polymorph (5)
 t - a wand of charming (5)
Scrolls
 e - a scroll of vulnerability {unknown}
 f - 3 scrolls of fog {unknown}
 h - 3 scrolls of identify {unknown}
 k - a scroll of fear {unknown}
 n - a scroll of amnesia {unknown}
 r - 2 scrolls of noise {unknown}
 s - a scroll of teleportation {unknown}
Potions
 b - a potion of lignification
 g - 2 potions of heal wounds {unknown}
 i - a potion of enlightenment {unknown}
 l - a potion of resistance {unknown}
 m - a potion of attraction {unknown}


   Skills:
 + Level 1.0 Fighting
 + Level 2.0 Dodging
 + Level 4.2 Unarmed Combat
 * Level 4.2 Shapeshifting


You had 4 spell levels left.
You didn't know any spells.
Your spell library contained the following spells:

 Spells                   Type           Power      Damage    Failure   Level
 Freeze                   Ice            0%         1d3       45%         1
 Magic Dart               Conj           0%         1d3       45%         1
 Ensorcelled Hibernation  Hex/Ice        0%         N/A       58%         2
 Passwall                 Tmut/Erth      0%         N/A       58%         2
 Searing Ray              Conj           0%         2d4       58%         2
 Frozen Ramparts          Ice            0%         1d1       83%         3
 Hailstorm                Conj/Ice       0%         3d3       83%         3
 Swiftness                Air            0%         N/A       83%         3
 Fulminant Prism          Conj/Hex       0%         3d5       99%         4
 Vhi's Electric Charge    Tloc/Air       0%         N/A       99%         4
 Arcjolt                  Conj/Air       0%         1d10      100%        5
 Plasma Beam              Fire/Air       0%         2x1d10    100%        6


Dungeon Overview and Level Annotations

Branches:
Dungeon (4/15)
 Temple: D:4-7

Altars:

Shops:
D:1 [

Annotations:
D:4 2 runed translucent doors


Innate Abilities, Weirdness & Mutations

You are a hulking beast.
Your limbs bulge with bestial killing power. (Slay +2)
You are too large for most types of armour.
You have claws for hands.
Your natural rate of healing is unusually fast.
You are covered in fur. (AC +1)
You have tough skin. (AC +1)


Message History

You see here a scarf of resistance.
u - a scarf of resistance
There is a stone staircase leading down here.
f - 3 scrolls labelled JAANWUOLEA (gained 1)
You now have 257 gold pieces (gained 10).
Found 3 stones.
Found a large runed translucent door.
You see here 3 stones.
Found a ring mail.
You open the door.
There is an open door here.
A jelly comes into view.
The jelly quivers.
The jelly hits you.
You are splashed with acid!
You scratch the jelly.
Your claws burn!
The jelly is moderately wounded.
The jelly hits you but does no damage.
You scratch the jelly. The acid corrodes you!
Your claws burn!
The jelly is severely wounded.
The jelly hits you.
You are splashed with acid!
You are too injured to fight recklessly!
You are too injured to fight recklessly!
You are too injured to fight recklessly!
You are too injured to fight recklessly!
You are too injured to fight recklessly!
You are too injured to fight recklessly!
You are too injured to fight recklessly!
You are too injured to fight recklessly!
You are too injured to fight recklessly!
You are too injured to fight recklessly!
A jelly is nearby!
You scratch the jelly but do no damage.
Your claws burn!
The jelly is severely wounded.
The jelly hits you.
You are splashed with acid!
* * * LOW HITPOINT WARNING * * *
You barely miss the jelly.
The jelly is severely wounded.
The jelly hits you.
* * * LOW HITPOINT WARNING * * *
The acid corrodes you!
You are splashed with acid!
You die...

######.# )#...#.# #.. .....#.#
#.. .###.#.# #.# . .# #.#'###
#.#.#####.. .###.....#
#.#..........# .#.+.....#
#.#..........
'#.#.....#####.#.J.......
.....#.<....##.#h# ##..
...########.##.#.# #..
###.......#.##.#.# #.# #######
#.[.....#.##'#.####.## ##......
#########.#..........###.......
###.#....####............
#..)'....# #............
#.#.#....# #............
#.#......## #######......


You could see a jelly.

Vanquished Creatures
  An orc priest (D:3)
  A hound (D:3)
  A gnoll (D:1)
  2 adders (D:3)
  A dart slug (D:2)
  5 orcs (D:3)
  4 ball pythons
  3 bats (D:3)
  5 endoplasms
  A giant cockroach (D:3)
  4 hobgoblins
  4 jackals (D:4)
  2 quokkas (D:1)
  A frilled lizard (D:3)
  4 goblins
  3 kobolds
  11 rats
53 creatures vanquished.

Notes
Turn   | Place    | Note
-------+----------+-------------------------------------------
     0 | D:1      | dynsetu the Troll Shapeshifter began the quest for the Orb.
     0 | D:1      | Reached XP level 1. HP: 18/18 MP: 0/0
    38 | D:1      | Reached XP level 2. HP: 11/26 MP: 1/1
   466 | D:1      | Found Ejahezahul's Armour Boutique.
   664 | D:2      | Reached XP level 3. HP: 32/32 MP: 2/2
  1522 | D:3      | Reached XP level 4. HP: 36/40 MP: 3/3
  1640 | D:3      | Reached skill level 1 in Fighting
  1640 | D:3      | Reached XP level 5. HP: 15/48 MP: 4/4
  1893 | D:4      | Found a large runed translucent door.
  1894 | D:4      | Found a large runed translucent door.
  1933 | D:4      | Splashed by a jelly's acid

Illustrated notes

Levels and vault maps discovered:
D:1:      sevenhm_arrival_forest_fort_small_4, layout_loops_ring, serial_shops,
          nicolae_shop_peninsula, minmay_rat_gold_closets
D:2:      layout_basic
D:3:      layout_rooms
D:4:      layout_basic, jmf_multi_god_temple2, minmay_temple_entry_fiery,
          uniq_menkaure, uniq_ijyb, uniq_grinder

Skill      XL: |  1  2  3  4 |
---------------+-------------+-----
Shapeshifting  | 4 |  4.2
Dodging        | 2 |  2.0
Unarmed Combat | 4 |  4.2
Fighting       | 1 |  1.0

Action                     |  1- 3 |  4- 6 || total
---------------------------+-------+-------++-------
  Melee: Unarmed           |    76 |    38 ||   114
   Stab: Sleeping          |     1 |       ||     1
 Armour: Animal skin       |    42 |    30 ||    72
  Dodge: Dodged            |    25 |    17 ||    42

Table legend: (Time is in decaauts)
 A = Elapsed time spent in this place.
 B = Non-inter-level travel time spent in this place.
 C = Inter-level travel time spent in this place.
 D = Time resting spent in this place.
 E = Time spent auto-exploring this place.
 F = Levels seen in this place.
 G = Mean time per level.
                   A        B        C        D        E       F      G
               +--------+--------+--------+--------+--------+-----+--------+
         Total |   1925 |   1873 |     52 |      0 |   1563 |   4 |  481.2 |
       Dungeon |   1925 |   1873 |     52 |      0 |   1563 |   4 |  481.2 |
               +--------+--------+--------+--------+--------+-----+--------+

Top non-repeatable levels by time:
     D:2: 731 daAuts
     D:1: 638 daAuts
     D:3: 411 daAuts
     D:4: 144 daAuts
